 Dungeon Crawl Stone Soup version 0.30-a0-222-ge547ba4400 (webtiles) character file.

Game seed: 12249672142399052688

109 qw the Chopper (level 4, -12/28 HPs)
             Began as a Gargoyle Fighter on Oct 8, 2022.
             Killed by divine providence
             ... invoked by an orc priest
              (16 damage)
             ... on level 3 of the Dungeon.
             The game lasted 00:00:53 (2242 turns).

qw the Chopper (Gargoyle Fighter)                   Turns: 2242, Time: 00:00:54

Health: -12/28     AC: 12    Str: 22    XL:     4   Next: 89%
Magic:  4/4        EV:  7    Int:  8    God:
Gold:   107        SH:  4    Dex:  9    Spells: 3/3 levels left

rFire   . . .      SeeInvis +    Y - +1 war axe
rCold   . . .      Faith    .    c - +0 buckler
rNeg    + . .      Spirit   .    k - +0 chain mail
rPois   inf        Reflect  .    (no helmet)
rElec   +          Harm     .    (no cloak)
rCorr   .          Rampage  .    (no gloves)
Will    .....                    (no boots)
Stlth   ..........               (no amulet)
HPRegen 0.24/turn                m - ring of see invisible
MPRegen 0.09/turn                (no ring)

@: no status effects
A: sickness immunity, AC +3, negative energy resistance 1, electricity
resistance, torment resistance 1, petrification resistance
a: no special abilities


You were on level 3 of the Dungeon.
You visited 1 branch of the dungeon, and saw 3 of its levels.

You collected 107 gold pieces.


Innate Abilities, Weirdness & Mutations

You are immune to sickness and miasma.
Your stone body is resilient. (AC +3)
You are immune to poison.
You resist negative energy. (rN+)
You are resistant to electric shocks. (rElec)
You are resistant to unholy torment.
You are immune to petrification.


   Skills:
 - Level 3.2 Fighting
 + Level 4.4 Axes
 - Level 3.2 Armour
 - Level 3.2 Shields


You had 3 spell levels left.
You didn't know any spells.
Your spell library was empty.

Inventory:

Hand Weapons
 l - a +0 flail
 Y - a +1 war axe (weapon)
Armour
 c - a +0 buckler (worn)
 k - a +0 chain mail (worn)
Jewellery
 a - a +6 ring of intelligence
 m - a ring of see invisible (left hand)
Scrolls
 b - a scroll of brand weapon {unknown}
Potions
 d - 2 potions of might
 f - a potion of lignification
 g - a potion of curing
 j - a potion of ambrosia {unknown}

Dungeon Overview and Level Annotations

Branches:
Dungeon (3/15)

Altars:


Message History

The orc wizard hits you but does no damage.
You barely miss the orc wizard.
The orc wizard is severely wounded.
The orc wizard barely misses you.
You closely miss the orc wizard.
The orc wizard is severely wounded.
The orc wizard casts a spell at you. The puff of flame hits you!
The orc wizard hits you but does no damage.
You slash the orc wizard!
You kill the orc wizard!
You slash the orc!
You kill the orc!
You closely miss the orc. The orc hits you but does no damage.
You closely miss the orc. The orc hits you but does no damage.
An orc priest comes into view. It is wielding a +0 flail.
The orc hits you with a +0 flail. The orc hits you but does no damage.
2236 ||| Stepping ~*~*~tactically~*~*~ (stealth).
The orc attacks as you move away! The orc hits you with a +0 flail.
You see here a dart slug corpse.
You closely miss the orc. The orc hits you but does no damage. x2
You hit the orc but do no damage. The orc barely misses you.
The orc hits you with a +0 flail.
You slash the orc!
You kill the orc!
The orc closely misses you. The orc hits you but does no damage.
The orc hits you but does no damage.
You barely miss the orc priest. You barely miss the orc.
The orc barely misses you. You block the orc priest's attack.
You slash the orc priest!
The orc priest is severely wounded.
You barely miss the orc. The orc hits you but does no damage.
The orc priest calls down the wrath of Beogh upon you.
Beogh smites you!
Ouch! That really hurt!
You die...

###### #### # ./....
.... #.###### .....
###.####.. ~}~}~
.........% ..P.~.
##.........
#.~.########..........
#.~...%...##..#.##....
#.~.#@#)..............
#.P..oo)..............
P...}.##....%##...####.#
~}~}}........##...# ##.#
.....o#.#:..###..)###...
###.# #.#..## #.......#.
#. .....# #...#.#... .
##.##.# #..###.#.# #.
#.# #.## ##..#


You could see an orc priest and an orc.

Vanquished Creatures
  An orc wizard (D:3)
  2 adders (D:2)
  2 dart slugs
  3 orcs (D:3)
  7 ball pythons
  2 endoplasms
  A giant cockroach (D:1)
  4 goblins
  7 hobgoblins
  5 jackals (D:1)
  2 quokkas
  3 bats
  6 frilled lizards
  7 kobolds
  6 rats
58 creatures vanquished.

Vanquished Creatures (others)
  A fungus (D:3)
  A plant (D:3)
2 creatures vanquished.

Grand Total: 60 creatures vanquished

Notes
Turn   | Place    | Note
-------+----------+-------------------------------------------
     0 | D:1      | qw the Gargoyle Fighter began the quest for the Orb.
     0 | D:1      | Reached XP level 1. HP: 14/14 MP: 1/1
     0 | D:1      | 0 ||| qw: Version: 0.2-a-17-g06abaee
     0 | D:1      | 0 ||| qw: Game counter: 2042
     0 | D:1      | 0 ||| qw: Always use a shield: true
     0 | D:1      | 0 ||| qw: God list: Okawaru
     0 | D:1      | 0 ||| qw: Allow faded altars: false
     0 | D:1      | 0 ||| qw: Do Orc after D:15 true
     0 | D:1      | 0 ||| qw: Do second Lair branch before Depths: true
     0 | D:1      | 0 ||| qw: Lair rune preference: random
     0 | D:1      | 0 ||| qw: Plans: Normal, Zot:1-4, God:TSO, Crypt, Tomb,
                  | Pan, Slime:5, Hells, Abyss, Orb
     0 | D:1      | 0 ||| PLANNING D:1-11
    69 | D:1      | Reached skill level 2 in Axes
   107 | D:1      | Reached XP level 2. HP: 14/19 MP: 2/2
   387 | D:1      | 387 ||| DROPPING +0 club.
   449 | D:1      | 449 ||| Stepping ~*~*~tactically~*~*~ (stealth).
   451 | D:1      | 451 ||| Stepping ~*~*~tactically~*~*~ (stealth).
   462 | D:1      | Reached skill level 3 in Axes
   466 | D:1      | Reached XP level 3. HP: 23/23 MP: 3/3
  1250 | D:1      | 1250 ||| READING scroll labelled EDERUN GUSOI.
  1251 | D:1      | 1251 ||| DRINKING 2 viscous silvery potions.
  1313 | D:2      | 1313 ||| Stepping ~*~*~tactically~*~*~ (stealth).
  1693 | D:2      | 1693 ||| DROPPING +0 whip.
  1701 | D:2      | Reached XP level 4. HP: 28/28 MP: 4/4
  1919 | D:2      | Found Nekimuma's Assorted Antiques.
  1994 | D:2      | 1994 ||| UPGRADING to +0 chain mail.
  2004 | D:2      | 2004 ||| DROPPING +0 scale mail.
  2005 | D:2      | 2005 ||| UPGRADING to ring of see invisible.
  2006 | D:2      | 2006 ||| READING scroll labelled HIREAM ROF.
  2007 | D:2      | 2007 ||| READING scroll labelled TACIAROBBE.
  2008 | D:2      | 2008 ||| READING scroll labelled UCSEEH TUSUENG.
  2009 | D:2      | 2009 ||| READING scroll labelled TOQOKHL KYANO.
  2010 | D:2      | 2010 ||| DRINKING 2 yellow potions.
  2071 | D:3      | 2071 ||| Stepping ~*~*~tactically~*~*~ (stealth).
  2077 | D:3      | Reached skill level 4 in Axes
  2192 | D:3      | 2192 ||| FLEEEEING.
  2193 | D:3      | 2193 ||| FLEEEEING.
  2194 | D:3      | 2194 ||| FLEEEEING.
  2195 | D:3      | 2195 ||| FLEEEEING.
  2217 | D:3      | 2217 ||| Stepping ~*~*~tactically~*~*~ (hiding).
  2221 | D:3      | 2221 ||| Stepping ~*~*~tactically~*~*~ (hiding).
  2222 | D:3      | 2222 ||| FLEEEEING.
  2227 | D:3      | 2227 ||| Stepping ~*~*~tactically~*~*~ (hiding).
  2235 | D:3      | HP: 7/28 [orc/+0 flail (6)]
  2236 | D:3      | 2236 ||| Stepping ~*~*~tactically~*~*~ (stealth).
  2238 | D:3      | HP: 3/28 [orc/+0 flail (2)]
  2242 | D:3      | Killed from afar by an orc priest

Levels and vault maps discovered:
D:1:      eino_arrival_druids_welcome, layout_basic, nicolae_hexahallways,
          dreamdust_princess_bridge
D:2:      layout_basic, serial_shops, shop, patterned_corridor
D:3:      layout_loops_ring, fedhas_altar_3, grunt_qazlal_clouds,
          shapermc_ecumenical_altar_acropolis, serial_shops, shop,
          minmay_bisected

Skill      XL: |  1  2  3  4 |
---------------+-------------+-----
Axes           | 2 3 4 |  4.4
Fighting       | |  3.2
Armour         | |  3.2
Shields        | |  3.2

Action                   |  1- 3 |  4- 6 || total
-------------------------+-------+-------++-------
Melee: War axe           |   131 |    36 ||   167
  Use: Scroll            |     1 |     4 ||     5
       Potion            |     1 |     1 ||     2
Armor: Scale mail        |    81 |     4 ||    85
       Chain mail        |       |    22 ||    22
Dodge: Dodged            |    68 |    13 ||    81
Block: Buckler           |    23 |     5 ||    28

Table legend:
 A = Non-vault XP
 B = Vault XP
 C = Vault XP percentage of total XP
 D = Non-vault monster count
 E = Vault monster count
 F = Vault count percentage of total count
                 A         B        C        D         E       F
            +---------+---------+-------+---------+---------+-------
      Total |     150 |       6 |   3.8 |      55 |       3 |   5.2
            +---------+---------+-------+---------+---------+-------
        D:1 |      43 |       0 |   0.0 |      26 |       0 |   0.0
        D:2 |      53 |       0 |   0.0 |      20 |       0 |   0.0
        D:3 |      54 |       6 |  10.0 |       9 |       3 |  25.0
            +---------+---------+-------+---------+---------+-------
